Map: Tours du crépuscule

Players

Pico

  • Race: Zerg Zerg
  • League: Diamond

Molgo - Winner!

  • Race: Terran Terran
  • League: Diamond

VOD

Have the link to the VOD?

Description

Time

  • Played on: April 17, 2016, 1:37 p.m.
  • Length: 5:45
Show
View Real Time Build Order
Export as new Build Order

Pico Zerg 

Build Orders: Hatch First 

Get SALT Encoding   

  12  0:00  Drone  
  13  0:12  Overlord  
  13  0:17  Drone  
  14  0:30  Drone x2  
  14  0:34  Drone  
  17  0:54  Hatchery  
  17  0:56  Drone  
  17  0:59  Drone  
  17  1:03  Extractor  
  17  1:06  Drone  
  18  1:18  Spawning Pool  
  18  1:21  Drone  
  18  1:28  Drone  
  19  1:38  Drone  
  20  1:50  Drone  
  21  2:00  Overlord  
  21  2:07  Queen x2, Metabolic Boost  
  25  2:10  Zergling x2  
  25  2:13  Zergling x2  
  27  2:16  Drone  
  29  2:22  Drone  
  29  2:27  Drone  
  30  2:33  Drone  
  31  2:42  Overlord  
  31  2:44  Drone  
  31  2:46  Queen  
  34  2:52  Drone  
  35  3:07  Hatchery  
  35  3:09  Drone x3  
  37  3:14  Lair  
  37  3:19  Drone x2  
  39  3:21  Drone  
  39  3:25  Drone  
  39  3:26  Drone  
  42  3:28  Drone  
  44  3:34  Drone  
  44  3:39  Overlord x2  
  44  3:44  Extractor  
  44  3:46  Evolution Chamber  
  44  3:47  Drone x2  
  44  3:51  Extractor  
  43  3:56  Drone  
  43  3:59  Drone x2  
  43  4:00  Drone  
  43  4:02  Drone x2  
  49  4:03  Drone  
  50  4:11  Roach Warren  
  50  4:12  Drone  
  50  4:18  Drone x2  
  52  4:25  Queen  
  52  4:26  Drone x4  
  52  4:30  Drone x2  
  60  4:34  Overlord  
  60  4:37  Overseer  
  60  4:55  Roach  
  60  4:56  Roach x6  
  72  5:09  Overlord x2  
  72  5:14  Roach  
  68  5:26  Overlord  
  68  5:27  Overlord x2  
Show
View Real Time Build Order
Export as new Build Order

Molgo Terran - Winner!

Build Orders: Reaper Expand 

Get SALT Encoding   

  12  0:01  SCV  
  13  0:13  SCV  
  14  0:17  Supply Depot  
  14  0:25  SCV  
  15  0:39  SCV  
  15  0:40  Barracks  
  16  0:43  Refinery  
  16  0:51  SCV  
  17  1:03  SCV  
  18  1:15  SCV  
  19  1:27  Reaper  
  19  1:29  Orbital Command  
  20  1:40  Command Center  
  20  1:54  SCV  
  20  1:55  Supply Depot  
  21  2:04  Factory  
  21  2:06  SCV  
  22  2:08  Marine  
  23  2:16  Refinery  
  23  2:19  SCV  
  24  2:26  Marine  
  25  2:39  SCV  
  26  2:49  Marine  
  26  2:50  Factory Reactor  
  27  2:52  Starport  
  27  2:56  Orbital Command  
  27  2:58  SCV  
  28  3:07  Marine  
  28  3:22  SCV x2  
  28  3:25  Marine  
  31  3:27  Supply Depot  
  31  3:30  Medivac  
  31  3:31  Armory, Hellion  
  37  3:34  SCV x2, Hellion  
  39  3:43  Marine  
  40  3:50  SCV x2  
  40  3:52  Hellion  
  40  3:55  Supply Depot, Hellion  
  46  4:00  Medivac  
  46  4:02  SCV  
  49  4:03  Marine  
  50  4:14  Hellion  
  54  4:17  Hellion  
  54  4:21  SCV  
  54  4:22  SCV  
  56  4:30  Supply Depot  
  56  4:34  Refinery, SCV x2, Starport  
  56  4:37  Refinery  
  58  4:40  Hellion  
  60  4:46  Starport Reactor  
  60  4:48  Starport Tech Lab  
  60  4:51  Hellion  
  62  5:09  Hellion  
  62  5:12  Starport Tech Lab  
  62  5:13  Hellion  
Tags
 
Add a new tag
Caveats
  • Supply blocks, unpowered buildings, or Contaminate may cause inaccurate times.
  • Supply counts are checked every 10 seconds.